 Dungeon Crawl Stone Soup version 0.20.1-1-g8b1a95d (webtiles) character file.

64 n0claF the Firebug (level 3, 0/19 HPs)
             Began as a Deep Elf Fire Elementalist on Oct 30, 2017.
             Was an Initiate of Vehumet.
             Succumbed to a kobold's poison
             ... on level 3 of the Dungeon.
             The game lasted 00:08:15 (1552 turns).

n0claF the Firebug (Deep Elf Fire Elementalist)     Turns: 1552, Time: 00:08:16

Health: 0/19       AC:  2    Str:  5    XL:     3   Next: 91%
Magic:  2/10       EV: 13    Int: 20    God:    Vehumet [......]
Gold:   82         SH:  0    Dex: 15    Spells: 5/9 levels left

rFire    + . .     SeeInvis .   (no weapon)
rCold    . . .     Gourm    .   (no shield)
rNeg     . . .     Faith    .   a - +0 robe
rPois    .         Spirit   .   (no helmet)
rElec    .         Reflect  .   (no cloak)
rCorr    .         Harm     .   (no gloves)
MR       .....                  (no boots)
Stlth    ++........             (no amulet)
Regen    0.1/turn               e - ring of protection from fire
MPRegen  0.2/turn               (no ring)

@: lethally poisoned (0 -> -12)
A: no striking features
a: Renounce Religion


You were on level 3 of the Dungeon.
You worshipped Vehumet.
Vehumet was noncommittal.
You were not hungry.

You visited 1 branch of the dungeon, and saw 4 of its levels.

You collected 82 gold pieces.

Inventory:

Armour
 a - a +0 robe (worn)
Jewellery
 e - a ring of protection from fire (left hand)
Scrolls
 d - 2 scrolls of fog {unknown}
 f - 2 scrolls of identify {unknown}
 g - a scroll of magic mapping {unknown}
Potions
 h - 5 potions of curing {unknown}
 k - a potion of ambrosia {unknown}
 m - a potion of brilliance {unknown}
Books
 b - a book of Flames

   Spells                             Type                      Level
   a - Flame Tongue                   Conjuration/Fire             1
   b - Throw Flame                    Conjuration/Fire             2
   c - Conjure Flame                  Conjuration/Fire             3
   d - Inner Flame                    Hexes/Fire                   3
   e - Sticky Flame                   Conjuration/Fire             4
   f - Fireball                       Conjuration/Fire             5
Comestibles
 c - 4 bread rations
 i - 4 fruits
 j - a meat ration
 l - a royal jelly


   Skills:
 + Level 2.8 Dodging
 + Level 3.0 Stealth
 + Level 3.6 Spellcasting
 + Level 2.2 Conjurations
 + Level 4.0 Fire Magic


You had 5 spell levels left.
You knew the following spells:

 Your Spells              Type           Power        Failure   Level  Hunger
a - Flame Tongue          Conj/Fire      ###..        3%          1    None
b - Conjure Flame         Conj/Fire      ###.....     11%         3    ###....


Dungeon Overview and Level Annotations

Branches:
Dungeon (4/15)
 Temple: D:4-7

Altars:
Gozag
Vehumet

Annotations:
D:3 Sigmund


Message History

You see here a poisoned needle.
You feel sick. Sigmund casts a spell at you. The puff of flame hits you!
You resist.
* * * LOW HITPOINT WARNING * * *
The kobold shoots a poisoned needle.
The poisoned needle hits you.
You are more poisoned.
You see here a poisoned needle.
* * * LOW HITPOINT WARNING * * *
You feel sick.
* * * LOW HITPOINT WARNING * * *
You feel sick.
Casting: Flame Tongue
Confirm with . or Enter, or press ? or * to list all spells.
Aiming: Conjure Flame
Press: ? - help, Dir - move target cursor The fire ignites!
* * * LOW HITPOINT WARNING * * *
You feel sick. Sigmund hits you but does no damage.
You die...

#. .. .#
###.# ##...
... #.# #@#
#.#
..########ยง#
.......(((@#
.#....>...#
#........#
...........#
###..K....##
#.......#


You could see Sigmund.

Vanquished Creatures
  A hound zombie (D:4)
  2 oozes
  2 worms
  2 dart slugs (D:1)
  A leopard gecko (D:1)
  3 bats
  4 giant cockroaches
  3 hobgoblins
  3 frilled lizards
  4 goblins
  2 kobolds (D:1)
  4 rats
31 creatures vanquished.

Notes
Turn   | Place    | Note
-------+----------+-------------------------------------------
     0 | D:1      | n0claF the Deep Elf Fire Elementalist began the quest for the Orb.
     0 | D:1      | Reached XP level 1. HP: 10/10 MP: 6/6
   372 | D:1      | Reached XP level 2. HP: 15/15 MP: 4/8
   937 | D:2      | Reached XP level 3. HP: 19/19 MP: 6/9
   942 | D:2      | Learned a level 3 spell: Conjure Flame
  1170 | D:2      | Found a radiant altar of Vehumet.
  1173 | D:2      | Became a worshipper of Vehumet
  1322 | D:2      | Reached skill level 4 in Fire Magic
  1422 | D:3      | You fall through a shaft!
  1479 | D:4      | Found an opulent altar of Gozag.
  1545 | D:3      | Noticed Sigmund
  1552 | D:3      | Succumbed to a kobold's poison

Skill      XL: |  1  2  3 |
---------------+----------+-----
Fire Magic     | 4 |  4.0
Conjurations   | 2 |  2.2
Stealth        | 3 |  3.0
Dodging        | |  2.8
Spellcasting   | |  3.6

Action                   || total
-------------------------++-------
 Cast: Flame Tongue      ||    59
       Conjure Flame     ||     2
  Eat: Chunk             ||     2
Armor: Robe              ||     2
Dodge: Dodged            ||    10
